 Dungeon Crawl Stone Soup version 0.23-a0-629-gae4348f (webtiles) character file.

4064 Mgcat the Cleaver (level 10, -10/81 HPs)
             Began as a Hill Orc Fighter on Dec 26, 2018.
             Was a High Priest of Cheibriados.
             Mangled by a hell rat (12 damage)
             ... on level 8 of the Dungeon.
             The game lasted 00:16:28 (5546 turns).

Mgcat the Cleaver (Hill Orc Fighter)                Turns: 5546, Time: 00:16:29

Health: -10/81     AC: 18    Str: 39    XL:     10   Next: 25%
Magic:  14/15      EV:  8    Int: 23    God:    Cheibriados [*****.]
Gold:   311        SH:  0    Dex: 23    Spells: 12/15 levels left

rFire    + . .     SeeInvis .   p - +4 battleaxe (chop)
rCold    + . .     Gourm    .   (shield currently unavailable)
rNeg     . . .     Faith    .   u - +0 plate armour
rPois    .         Spirit   .   m - +1 helmet
rElec    .         Reflect  .   r - +2 cloak
rCorr    .         Harm     .   (no gloves)
MR       .....                  v - +1 pair of boots
Stlth    ..........             (no amulet)
HPRegen  0.23/turn              x - ring of protection from fire {rF+, !d}
MPRegen  0.14/turn              B - ring of protection from cold (curse) {rC+, !d}

@: mighty, about to teleport, drained, very slow
A: no striking features
a: Bend Time, Temporal Distortion, Slouch, Step From Time, Renounce Religion


You were on level 8 of the Dungeon.
You worshipped Cheibriados.
Cheibriados was extremely pleased with you.
You were hungry.

You visited 1 branch of the dungeon, and saw 8 of its levels.

You collected 311 gold pieces.

Inventory:

Hand Weapons
 p - a +4 battleaxe of chopping (weapon)
   (You found it on level 2 of the Dungeon)
Missiles
 g - 3 throwing nets {=f, !d}
Armour
 c - a +0 shield
 m - a +1 helmet (worn)
   (You took it off Robin on level 3 of the Dungeon)
 r - a +2 cloak (worn)
   (You found it on level 2 of the Dungeon)
 u - a +0 plate armour (worn)
   (You found it on level 3 of the Dungeon)
 v - a +1 pair of boots (worn)
   (You found it on level 3 of the Dungeon)
Magical Staves
 a - an uncursed staff of wizardry {wiz+, !a}
   (You took it off a goblin on level 3 of the Dungeon)
 q - an uncursed staff of air {rElec}
   (You found it on level 5 of the Dungeon)
Jewellery
 x - a ring of protection from fire (left hand) {rF+, !d}
   (You found it on level 6 of the Dungeon)
 B - a cursed ring of protection from cold (right hand) {rC+, !d}
   (You found it on level 6 of the Dungeon)
Wands
 k - a wand of polymorph (5)
   (You found it on level 5 of the Dungeon)
 y - a wand of flame (14)
   (You found it on level 8 of the Dungeon)
 z - a wand of disintegration (18)
   (You found it on level 6 of the Dungeon)
Scrolls
 e - 4 scrolls of identify
 i - 6 scrolls of remove curse
 o - a scroll of magic mapping {!r}
 w - a scroll of amnesia
Potions
 b - 3 potions of curing
 h - a potion of resistance
 j - a potion of flight
 n - 2 potions of brilliance
 s - 3 potions of lignification {!q}
 t - a potion of heal wounds
Comestibles
 f - 14 rations
 A - 2 chunks of flesh {@w0}


   Skills:
 - Level 5.0(4.6) Fighting
 - Level 14.0(13.5) Axes
 - Level 3.2(2.9) Armour
 - Level 3.2(2.9) Shields
 + Level 3.4(3.1) Spellcasting
 + Level 4.2(3.8) Charms
 + Level 4.6(4.3) Necromancy
 * Level 3.5(3.1) Invocations


You had 12 spell levels left.
You knew the following spells:

 Your Spells              Type           Power        Failure   Level  Hunger
a - Regeneration          Chrm/Necr      ###.......   38%         3    ###....

Your spell library contained the following spells:

 Spells                   Type           Power        Failure   Level  Hunger
 Corpse Rot               Necr           N/A          19%         2    ##.....
 Beastly Appendage        Tmut           #.....       58%         1    None
 Poisonous Vapours        Pois/Air       #.....       73%         2    ##.....
 Sticks to Snakes         Tmut           #.......     73%         2    ##.....
 Spider Form              Tmut/Pois      #.........   91%         3    ###....
 Dispel Undead            Necr           ###.....     98%         5    ######.
 Ice Form                 Ice/Tmut       #.......     100%        4    ####...
 Blade Hands              Tmut           #.........   100%        5    ######.


Dungeon Overview and Level Annotations

Branches:
Dungeon (8/15)             Temple (0/1) D:7
   Lair: D:8-11

Altars:
Ashenzari
Cheibriados

Shops:
D:4 *   D:7 !


Message History

The necrophage barely misses you.
You slice the necrophage!!
You destroy the necrophage!
Cheibriados appreciates the change of pace.
No target in view!
No target in view!
Unknown command.
Unknown command.
A gnoll comes into view. It is wielding a +0 club.
A gnoll comes into view. It is wielding a +0 halberd.
The gnoll shouts!
You hear a deafening roar!
The gnoll hits you but does no damage.
A hell rat comes into view.
The hell rat roars deafeningly!
You slash the gnoll!
The gnoll is severely wounded.
You hear a deafening roar!
The gnoll barely misses you.
A quokka comes into view.
You barely miss the gnoll.
The gnoll is severely wounded.
A death yak comes into view.
The gnoll hits you but does no damage.
A hell rat comes into view.
The death yak bellows!
The hell rat roars deafeningly!
You slice the gnoll!!
You kill the gnoll!
Cheibriados appreciates the change of pace.
Cheibriados raises the support of your attributes as your movement slows.
Your Invocations skill increases to level 1!
You hear a bellow! x2; You hear an angry buzzing noise. x2
You hear a deafening roar!
A hell rat and a death yak come into view.
The death yak bellows!
The gnoll completely misses you.
Things that are here:
a +0 club; a gnoll corpse You hit the gnoll.
The gnoll is moderately wounded.
You hit the quokka. The gnoll hits you but does no damage.
The quokka barely misses you.
A death yak comes into view.
You slice the quokka!!
You kill the quokka!
Cheibriados appreciates the change of pace.
Your plate armour prevents you from hitting the gnoll.
The gnoll hits you with a +0 halberd.
You feel very mighty all of a sudden. The gnoll barely misses you.
You are feeling hungry.
Your plate armour prevents you from hitting the gnoll.
The gnoll is moderately wounded.
You slash the hell rat! You slice the death yak!!
A quokka comes into view.
The hell rat bites you but does no damage.
The death yak gores you! The gnoll hits you but does no damage.
The hell rat bites you.
You slash the hell rat!
You kill the hell rat!
Cheibriados thoroughly appreciates the change of pace.
You slice the hell rat!!
You kill the hell rat!
Cheibriados appreciates the change of pace.
You completely miss the gnoll. You slash the death yak!
The death yak gores you.
A porcupine comes into view.
You slash the death yak!
The death yak is almost dead.
You closely miss the gnoll. You slash the hell rat!
You barely miss the death yak. The gnoll hits you but does no damage.
The death yak gores you! The hell rat barely misses you.
The death yak gores you!
Unknown command.
You slice the death yak!!
You kill the death yak!
Cheibriados appreciates the change of pace.
Your Charms skill increases to level 4!
Your Invocations skill gained 2 levels and is now at level 3!
You slice the gnoll!!
You kill the gnoll!
Cheibriados thoroughly appreciates the change of pace.
You closely miss the hell rat. You slice the death yak!!
The hell rat bites you!
* * * LOW HITPOINT WARNING * * *
You feel drained.
* * * LOW HITPOINT WARNING * * *
The death yak gores you!!
* * * LOW HITPOINT WARNING * * *
Unknown command.
Unknown command.
Unknown command.
Unknown command.
Unknown command.
Unknown command.
Unknown command.
Unknown command.
Unknown command.
As you read the scroll of teleportation, it crumbles to dust.
You feel strangely unstable. The hell rat bites you!
You die...

#...<.....................##..
...#.....#####............# ##
...#...### #............#
...##..# ##..........## ##
#..## ##.†......## ..>.
#....###.# #..#. ##...## .#
#.# #....# . #.@Y.#
%.....r)..# ##.......Y#
##.......r. +..........
+........r... +............
#........#..#


You could see 2 death yaks, a hell rat, a porcupine and a quokka.

Vanquished Creatures
  A death yak (D:8)
  Pikel (D:5)
  A yak (D:7)
  A human (D:7)
  3 hogs (D:7)
  A hungry ghost (D:7)
  An orc warrior (D:7)
  2 slaves (D:5)
  An ice beast (D:6)
  A necrophage (D:8)
  4 ogres
  A centaur (D:8)
  A bullfrog (D:7)
  3 wights (D:7)
  A bullfrog zombie (D:7)
  2 crimson imps
  A quasit (D:7)
  2 hounds
  A bullfrog skeleton (D:4)
  A gnoll shaman (D:5)
  3 orc priests
  A centaur skeleton (D:7)
  8 orc wizards
  2 hell rats (D:8)
  7 worker ants
  A killer bee zombie (D:5)
  A hound zombie (D:7)
  A hound skeleton (D:5)
  5 worker ant zombies
  Robin (D:3)
  9 gnolls
  6 adders
  A shadow imp (D:7)
  An ooze (D:4)
  An adder zombie (D:7)
  2 adder skeletons (D:7)
  3 worms
  A dart slug (D:1)
  8 leopard geckos
  32 orcs
  3 ball pythons
  5 giant cockroaches
  25 goblins
  12 hobgoblins
  15 jackals
  4 quokkas
  A ball python zombie (D:5)
  6 bats
  2 frilled lizards
  A jackal skeleton (D:4)
  2 kobolds
  2 quokka skeletons
  2 rats
204 creatures vanquished.

Notes
Turn   | Place    | Note
-------+----------+-------------------------------------------
     0 | D:1      | Mgcat the Hill Orc Fighter began the quest for the Orb.
     0 | D:1      | Reached XP level 1. HP: 19/19 MP: 1/1
    58 | D:1      | Reached skill level 3 in Axes
   118 | D:1      | Reached XP level 2. HP: 23/27 MP: 2/2
   120 | D:1      | Reached skill level 4 in Fighting
   479 | D:1      | Reached XP level 3. HP: 34/34 MP: 3/3
   947 | D:2      | Reached skill level 4 in Axes
   959 | D:2      | Found a snail-covered altar of Cheibriados.
   967 | D:2      | Became a worshipper of Cheibriados the Contemplative
  1131 | D:2      | Reached XP level 4. HP: 28/41 MP: 4/4
  1344 | D:2      | Found a shattered altar of Ashenzari.
  1656 | D:3      | Reached skill level 5 in Fighting
  1733 | D:3      | Reached * piety under Cheibriados
  1816 | D:3      | Reached skill level 5 in Axes
  1816 | D:3      | Reached XP level 5. HP: 35/48 MP: 5/5
  1885 | D:3      | Noticed an ogre
  1896 | D:3      | Killed an ogre
  1896 | D:3      | Reached skill level 6 in Axes
  1904 | D:3      | Reached skill level 7 in Axes
  1971 | D:3      | Reached XP level 6. HP: 42/56 MP: 6/6
  2204 | D:3      | Reached ** piety under Cheibriados
  2287 | D:3      | Noticed Robin
  2298 | D:3      | Killed Robin
  2439 | D:4      | Found Puopazaxt's Assorted Antiques.
  2530 | D:4      | HP: 12/56 [orc priest/divine providence (8)]
  2531 | D:4      | Reached skill level 8 in Axes
  2933 | D:4      | Reached XP level 7. HP: 61/61 MP: 7/7
  2942 | D:4      | Reached *** piety under Cheibriados
  2942 | D:4      | Reached skill level 9 in Axes
  3293 | D:5      | Entered Level 5 of the Dungeon
  3311 | D:5      | Reached skill level 10 in Axes
  3564 | D:5      | Reached **** piety under Cheibriados
  3601 | D:5      | Reached XP level 8. HP: 65/68 MP: 8/8
  3613 | D:5      | Reached skill level 11 in Axes
  3666 | D:5      | Noticed Pikel
  3670 | D:5      | Killed Pikel
  3670 | D:5      | Reached skill level 12 in Axes
  3927 | D:6      | Reached skill level 13 in Axes
  4040 | D:6      | Found Jenuag's Elemental Accessories.
  4156 | D:6      | Reached XP level 9. HP: 69/74 MP: 9/9
  4255 | D:6      | Identified the Incunabulum of Evil Poison
  4261 | D:6      | Learned a level 3 spell: Regeneration
  4489 | D:7      | Reached skill level 1 in Necromancy
  4497 | D:7      | Reached skill level 1 in Charms
  4533 | D:7      | Reached skill level 1 in Spellcasting
  4626 | D:7      | Reached ***** piety under Cheibriados
  4811 | D:7      | Found Xusapeqa's Distillery.
  4877 | D:7      | Reached skill level 2 in Necromancy
  4921 | D:7      | Reached skill level 14 in Axes
  4921 | D:7      | Reached skill level 2 in Charms
  4961 | D:7      | Reached skill level 2 in Spellcasting
  4961 | D:7      | Reached skill level 3 in Necromancy
  4967 | D:7      | Reached skill level 3 in Charms
  5264 | D:7      | Found a staircase to the Ecumenical Temple.
  5418 | D:8      | Reached skill level 4 in Necromancy
  5426 | D:8      | Reached skill level 3 in Spellcasting
  5477 | D:8      | Reached XP level 10. HP: 61/81 MP: 14/14
  5536 | D:8      | Noticed a death yak
  5537 | D:8      | Reached skill level 1 in Invocations
  5538 | D:8      | Noticed a death yak
  5539 | D:8      | Noticed a death yak
  5545 | D:8      | Killed a death yak
  5545 | D:8      | Reached skill level 4 in Charms
  5545 | D:8      | Reached skill level 3 in Invocations
  5545 | D:8      | HP: 1/81 [death yak (20)]
  5546 | D:8      | Mangled by a hell rat

Vault maps used:
D:1:      minmay_arrival_hallway
D:2:      lemuel_round_altar, evilmike_ruin_ashenzari
D:3:      kennysheep_goblin_castle, first_ration
D:4:      serial_shops, nicolae_shop_overgrown_old_shop
D:5:      minivault_11, water_boxes_lemuel, uniq_pikel
D:6:      hangedman_decor_riveting, nicolae_elemental_shop
D:7:      temple_hall_moat, serial_shops, shop, grunt_livestock, kb_rosetta
D:8:      dpeg_lair_monsters, serial_gnoll_camp, gnoll_camp_mini_doghouse,
          gnoll_camp_huts_moat, gnoll_camp_mini_hut, gnoll_camp_mini_house,
          gnoll_camp_mini_hut, gnoll_camp_mini_shop,
          nemelex_diamond_rough_becter, uniq_prince_ribbit1

Skill      XL: |  1  2  3  4  5  6  7  8  9 10 |
---------------+-------------------------------+-----
Axes           | 3 4 5 7 8 10 13 14 | 14.0
Fighting       | 4 5 |  5.0
Necromancy     | 4 |  4.6
Charms         | 3 4 |  4.2
Spellcasting   | 3 |  3.4
Invocations    | 3 |  3.5
Armour         | |  3.2
Shields        | |  3.2

Action                   |  1- 3 |  4- 6 |  7- 9 | 10-12 || total
-------------------------+-------+-------+-------+-------++-------
Melee: War axe           |   118 |       |       |       ||   118
       Battleaxe         |    10 |   159 |   209 |    13 ||   391
Evoke: Wand              |       |       |     1 |     1 ||     2
  Use: Potion            |       |     2 |     1 |     1 ||     4
       Scroll            |       |    11 |     9 |     1 ||    21
  Eat: Chunk             |     1 |     4 |     8 |       ||    13
Armor: Scale mail        |    33 |       |       |       ||    33
       Chain mail        |    74 |    39 |       |       ||   113
       Plate armour      |       |    90 |   153 |     9 ||   252
Dodge: Dodged            |    74 |    83 |    75 |     7 ||   239

Table legend:
 A = Non-vault XP
 B = Vault XP
 C = Vault XP percentage of total XP
 D = Non-vault monster count
 E = Vault monster count
 F = Vault count percentage of total count
                 A         B        C        D         E       F
            +---------+---------+-------+---------+---------+-------
      Total |    2868 |    2939 |  50.6 |     165 |      37 |  18.3
            +---------+---------+-------+---------+---------+-------
        D:1 |      47 |       0 |   0.0 |      24 |       0 |   0.0
        D:2 |      55 |       0 |   0.0 |      15 |       0 |   0.0
        D:3 |     234 |      52 |  18.2 |      29 |      21 |  42.0
        D:4 |     451 |       0 |   0.0 |      28 |       0 |   0.0
        D:5 |     429 |     673 |  61.1 |      26 |       1 |   3.7
        D:6 |     596 |       0 |   0.0 |      19 |       0 |   0.0
        D:7 |     761 |    1222 |  61.6 |      19 |       9 |  32.1
        D:8 |     295 |     992 |  77.1 |       5 |       6 |  54.5
            +---------+---------+-------+---------+---------+-------

Vault maps used:
D:1:      minmay_arrival_hallway
D:2:      lemuel_round_altar, evilmike_ruin_ashenzari
D:3:      kennysheep_goblin_castle, first_ration
D:4:      serial_shops, nicolae_shop_overgrown_old_shop
D:5:      minivault_11, water_boxes_lemuel, uniq_pikel
D:6:      hangedman_decor_riveting, nicolae_elemental_shop
D:7:      temple_hall_moat, serial_shops, shop, grunt_livestock, kb_rosetta
D:8:      dpeg_lair_monsters, serial_gnoll_camp, gnoll_camp_mini_doghouse,
          gnoll_camp_huts_moat, gnoll_camp_mini_hut, gnoll_camp_mini_house,
          gnoll_camp_mini_hut, gnoll_camp_mini_shop,
          nemelex_diamond_rough_becter, uniq_prince_ribbit1

Table legend:
 A = Turns spent in this place as a percentage of turns spent in the entire game.
 B = Non-inter-level travel turns spent in this place as a percentage of non-inter-level travel turns spent in the entire game.
 C = Inter-level travel turns spent in this place as a percentage of turns spent in this place.
 D = Turns resting spent in this place as a percentage of non-inter-level travel turns spent in this place.
 E = Turns spent auto-exploring this place as a percentage of non-inter-level travel turns spent in this place.
 F = Non-inter-level travel turns spent in this place divided by the number of levels of this place that you've seen.
                   A       B       C       D       E      F
               +-------+-------+-------+-------+-------+----------------------
         Total | 100.0 | 100.0 |   3.0 |   4.5 |  74.6 | 672.6
       Dungeon | 100.0 | 100.0 |   3.0 |   4.5 |  74.6 | 672.6
               +-------+-------+-------+-------+-------+----------------------

Table legend:
 A = Kills in this place as a percentage of kills in entire the game.
 B = Kills by you in this place as a percentage of kills by you in the entire game.
 C = Kills by friends in this place as a percentage of kills by friends in the entire game.
 D = Other kills in this place as a percentage of other kills in the entire game.
 E = Experience gained in this place as a percentage of experience gained in the entire game.
 F = Experience gained in this place divided by the number of levels of this place that you have seen.
                   A       B       C       D       E      F
               +-------+-------+-------+-------+-------+----------------------
         Total | 100.0 | 100.0 |   N/A |   N/A | 100.0 | 725.9
       Dungeon | 100.0 | 100.0 |   N/A |   N/A | 100.0 | 725.9
               +-------+-------+-------+-------+-------+----------------------
